Workbook

Sheet 提出書類一覧(チェック)
B2: 相模原市地域包括支援センター運営事業受託候補法人提出書類一覧（書類審査用）
B4: 法人名
B5: 応募圏域
C7: 提出書類 | D7: 様式番号 | E7: 確認
B8: 1 | C8: 参加申込書 | D8: 様式１
B9: 2 | C9: 法人概要調書 | D9: 様式２
B10: 3 | C10: 法人役員名簿 | D10: 様式３
B11: 4 | C11: 地域包括支援センター収支計画書 | D11: 様式４
B12: 5 | C12: 労働条件 | D12: 様式５
B13: 6 | C13: 確約書 | D13: 様式８
B14: 7 | C14: 申告書 | D14: 様式９
B15: 8 | C15: 労働基準監督署による是正勧告書及び報告書［直近５年分］ | D15: 添付
B16: 9 | C16: 法人登記簿謄本（申請日以前、３ヶ月以内に発行されたもの） | D16: 添付
B17: 10 | C17: 定款、寄付行為及びこれらに類するもの | D17: 添付
B18: 11 | C18: 国税、地方税（都道府県税・市町村税）に係る滞納がないことの証明書［直近１年分］※１ | D18: 添付
B19: 12 | C19: ⑫法人の財務状況に関する書類［直近３年分］ ・社会福祉法人：法人単位資金収支計算書、法人単位事業活動計算書、法人単位貸借対照表 ・医療法人・株式会社：賃借対照表、損益計算書 | D19: 添付
... B21: 14 | C21: 法人における福祉に関する外部監査や第三者評価の結果に関する書類の写し［直近６年分］※該当がある場合のみ | D21: 添付
B23: ※１ 納税証明書について、神奈川県税・相模原市税の場合は下記にて取得が可能です。 ・いずれも「未納の税額がないことの証明」を提出してください。 ・なんらかの事情により取得が難しい場合は、個別でご相談ください。 ※２ 開庁日１日あたり、午前２枠、午後３枠で受付を行っております。ご予約の際は、以下をお伝えください。 ・予約日及び時間 （開庁日の9:30～10:30、10:30～11:30、13:30～14:30、14:30～15:30、15:30～16:30） ・応募圏域数 ・ご来庁の方の氏名及び人数は最大２名まで） ・持ち込む書類（書類審査のみ、提案審査のみ、双方） 連絡先：地域包括ケア推進課 ０４２－７６９－９２３１ ※３ シートの保護について、記載項目の変更は認めておりませんが、文字が収まりきらないなど 軽微な書式の変更が必要な場合は、シートの保護を解除して下さい。 操作方法：「校閲」＞「シートの保護の解除」で解除することができます。

Sheet 様式１
A1: 様式１
F2: 提出日 | G2: 令和８年 | I2: 月 | K2: 日
B4: 相模原市長あて
D5: 所在地
D6: 法人名
D7: 代表者（職・氏名） | L7: 印
E10: 【参加申込書】
B12: 次の件について、プロポーザルの参加を申し込みます。 なお、参加申込を行うにあたり、相模原市地域包括支援センター運営事業受託候補法人募集要項に定める応募資格をすべて満たしており、提出書類の内容について事実に相違ないことを申し添えます。
B16: 件 名： 地域包括支援センター運営事業業務委託
B17: 受託期間： 令和９年４月１日から令和１5年３月３１日まで
B18: 応募圏域：
E20: [担当者連絡先]
E21: 所属
E22: 氏名
E23: 電話
E24: Email

Sheet 様式２
B1: 様式２ 法人概要調書
B2: 法人名
B3: 代表者氏名
B4: 主たる事業所の所在地
B5: 設立年月日
B6: 従業員数
B7: 法人の沿革 及び実施事業
B9: 関連法人名

Sheet 様式３
B1: 様式3 法人役員名簿
C2: 役職 | D2: 氏名 | E2: 生年月日 | F2: 住所 | G2: 他の法人・団体を兼任している場合
G3: 法人・団体名 | H3: 役職名
B4: 1
B5: 2
B6: 3
B7: 4
B8: 5
B9: 6
B10: 7
B11: 8
B12: 9
B13: 10
B14: 11
B15: 12
... B21: 18

Sheet 様式４
B1: 様式4 地域包括支援センター収支計画書 | D1: （単位：円）
B2: 【収入の部】
B3: 科目 | C3: 予算額 | D3: 備考
B4: １ 包括的支援事業
B5: 委託料 | C5: ='(参考)様式４に関する委託料積算シート'!F18 -> 1740000
B6: ２地域介護予防事業
B7: 介護予防サポーター活動支援費 | C7: ='(参考)様式４に関する委託料積算シート'!F31 -> 0
B8: 介護予防教室事業費 | C8: ='(参考)様式４に関する委託料積算シート'!F26 -> 0
B9: ３介護予防支援費等
B10: 介護予防支援費 | C10: ='(参考)様式４に関する委託料積算シート'!F40 -> 0
B11: 介護予防ケアマネジメント | C11: ='(参考)様式４に関する委託料積算シート'!F37 -> 0
B12: ４その他
B18: 収入合計（A） | C18: =SUM(C5,C7:C8,C10:C11,C13:C17) -> 1740000
B20: 【支出の部】
B21: 科目 | C21: 予算額 | D21: 備考
B22: １ 人件費
B29: ２ 事務費等
B42: 支出合計（B） | C42: =SUM(C23:C28,C30:C41) -> 0
B44: 収支（A）－(B) | C44: =C18-C42 -> 1740000

Sheet (参考)様式４に関する委託料積算シート
B1: 委託料 積算シート
B4: 包括的支援事業-委託料 | D4: 単価 | E4: 人数等 | F4: 合計 | G4: 備考
B5: 常勤職員人件費 | C5: 基本三職種（各包括３名） | D5: 5800000 | E5: 0 | F5: =D5*E5 -> 0
C6: 上記以外の者 | D6: 5400000 | E6: 0 | F6: =D6*E6 -> 0
C7: 障害者支援相談員 | D7: 5400000 | E7: 0 | F7: =D7*E7 -> 0
B8: 処遇改善加算 | C8: 常勤職員のみ | D8: 300000 | E8: 0 | F8: =D8*E8 -> 0
B9: 非常勤職員人件費 | C9: 週２０時間以上の勤務 | D9: 2400000 | E9: 0 | F9: =D9*E9 -> 0
B10: 事務職員人件費 | C10: 週３０時間の勤務に満たない場合は時間で按分 | D10: 3000000 | F10: 0 | G10: 計算式：3,000,000×●時間/30時間
B11: 地域ケア会議運営費 | D11: 1000000 | F11: 1000000
B12: 賃借料 | C12: 圏域によるため、別紙1にて確認 | F12: 0
B13: 車両維持管理費 | D13: 350000 | F13: 350000 | G13: 津久井圏域は950,000円
B14: 消耗品費・通信費等事務費 | D14: 220000 | F14: 220000
B15: その他事業経費 | C15: 高齢者人口によるため、別紙1にて確認 | F15: 0
B16: 研修経費 | D16: 170000 | F16: 170000
D18: 委託料合計 | F18: =SUM(F5:F16) -> 1740000
B20: 地域介護予防事業-介護予防教室事業費 | D20: 単価 | E20: 回数 | F20: 合計 | G20: 備考
B21: 事務管理費 | D21: 30000 | E21: 0 | F21: =D21*E21 -> 0
B22: 介護予防教室事業費 | C22: 出張介護予防教室 | D22: 30000 | E22: 0 | F22: =D22*E22 -> 0
C23: 地域介護予防教室（コース） | D23: 30000 | E23: 0 | F23: =D23*E23 -> 0
C24: 地域介護予防教室（単発） | D24: 30000 | E24: 0 | F24: =D24*E24 -> 0
C25: 地域介護予防教室 | D25: 30000 | E25: 0 | F25: =D25*E25 -> 0
E26: 介護予防教室事業費合計 | F26: =SUM(F21:F25) -> 0
B28: 地域介護予防事業-介護予防サポーター活動支援事業費 | D28: 単価 | E28: 回数 | F28: 合計 | G28: 備考
C29: 交流会 | D29: 20000 | E29: 0 | F29: =D29*E29 -> 0
C30: 研修会・活動報告会 | D30: 30000 | E30: 0 | F30: =D30*E30 -> 0
E31: 介護予防サポーター活動支援費合計 | F31: =SUM(F29:F30) -> 0
B33: 介護予防ケアマネジメント費 | D33: 単価 | E33: 請求数 | F33: 合計 | G33: 備考
C34: ケアマネジメントA | D34: 4791 | E34: 0 | F34: =D34*E34 -> 0 | G34: 加算は含めていませんので、各法人の判断で、必要に応じて計算に加えてください
C35: ケアマネジメントB | D35: 3230 | E35: 0 | F35: =D35*E35 -> 0
C36: ケアマネジメントC | D36: 4791 | E36: 0 | F36: =D36*E36 -> 0
E37: 介護予防ケアマネジメント費 | F37: =SUM(F34:F36) -> 0
B39: 介護予防支援費 | D39: 単価 | E39: 請求数 | F39: 合計 | G39: 備考
C40: 介護予防支援費 | D40: 4791 | E40: 0 | F40: =D40*E40 -> 0 | G40: 加算は含めていませんので、各法人の判断で、必要に応じて計算に加えてください

Sheet 様式５
B1: 様式5 労働条件
B2: １ 労働基準法に基づく協定及び届出の状況について
B3: （１）労働基準法第３６条に基づく時間外及び休日労働に関する協定の締結日
B4: 昭和 | D4: 年 | F4: 月 | H4: 日
B5: （２）労働基準監督署への届出年月日
B6: 昭和 | D6: 年 | F6: 月 | H6: 日
B7: ２ 社会保険等の加入状況について
B8: （１）従業員の社会保険等への加入状況について、加入している保険にチェックしてください
B9: 健康保険
B10: 労災保険
B11: 雇用保険
B12: 厚生年金
B13: （２）従業員の退職金の確保について記載してください
B16: ３ 過去５年間において、労働基準監督署による指導があった場合、当該指導の内容等について記載してください。

Sheet 様式8
A1: 様式8
G2: 提出日 | H2: 令和８年 | I2: =様式１!H2 -> 0 | J2: 月 | K2: =様式１!J2 -> 0 | L2: 日
B4: 相模原市長あて | E4: （申請者）
E5: 所在地 | G5: =様式１!F5 -> 0
E6: 法人名 | G6: =様式１!F6 -> 0
E7: 代表者（職・氏名） | G7: =様式１!F7 -> 0
F10: 【確約書】
B12: 相模原市地域包括支援センター運営事業受託候補法人公募において、当法人が提出した監査結果等に関する書類に関しまして、下記のことについて確約します。
B14: 記
C15: 直近６カ年の当法人に係る行政機関の監査及び指導状況等について、全ての文書を提出しました。
C17: 上記に係る行政機関の監査及び指導状況等について、行政機関から相模原市に対して、情報提供を行うことを同意します。

Sheet 様式9
A1: 様式９
G2: 提出日 | H2: 令和８年 | I2: =様式8!I2 -> 0 | J2: 月 | K2: =様式8!K2 -> 0 | L2: 日
B4: 相模原市長あて | E4: （申請者）
E5: 所在地 | G5: =様式8!G5 -> 0
E6: 法人名 | G6: =様式8!G6 -> 0
E7: 代表者（職・氏名） | G7: =様式8!G7 -> 0
F10: 【申告書】
B12: 相模原市地域包括支援センター運営事業受託候補法人募集に当たり、次のとおり申告します。
C15: 法人の役員及び職員など当法人に関係する者は、相模原市地域包括支援センター運営協議会委員に就任しておりません。
C17: 法人の役員及び職員など当法人に関係する者のうち、次の者が相模原市地域包括支援センター運営協議会委員に就任しております。
